 Dungeon Crawl Stone Soup version 0.31-a0-986-g5e6e4ef867 (webtiles) character file.

Game seed: 2819142549429559963

33 avis the Changeling (level 3, 16/16 HPs)
             Began as a Felid Shapeshifter on Nov 23, 2023.
             Got out of the dungeon alive.
             The game lasted 00:07:12 (1105 turns).

avis the Changeling (Felid Shapeshifter)            Turns: 1105, Time: 00:07:12

Health: 16/16      AC:  1    Str: 10    XL:     3   Next: 12%
Magic:  5/5        EV: 17    Int: 13    God:
Gold:   66         SH:  0    Dex: 15    Spells: 3/4 levels left
                                        Lives:  0   Deaths: 1

rFire   . .          .
                       - Unarmed
rCold   . . .        (shield unavailable)
rNeg    . . .        (body armour unavailable)
rPois   .            (helmet unavailable)
rElec   .            (cloak unavailable)
rCorr   .            (gloves unavailable)
SInv    +            (boots unavailable)
Will    .....        (no amulet)
Stlth   +            (no ring)
HPRegen 0.22/turn    (no ring)
MPRegen 0.09/turn

%: no passive effects
@: beast-form, quick
A: beast (slay +2), very small, claws 1, fangs 3, see invisible, speed 1, shaggy
fur 1, stealthy paws, no weapons or thrown items, no armour, multi-lived
a: Begin Untransformation


You escaped.
You were a hulking beast.
You visited 1 branch of the dungeon, and saw 2 of its levels.

You collected 66 gold pieces.

Inventory:

Talismans
 b - a beast talisman
 c - a flux talisman
Scrolls
 d - a scroll of identify {unknown}
 e - a scroll of fog {unknown}
Potions
 a - a potion of lignification
 f - a potion of berserk rage {unknown}
 g - a potion of ambrosia {unknown}


   Skills:
 - Level 2.0 Fighting
 - Level 3.0 Dodging
 - Level 3.0 Unarmed Combat
 * Level 1.1 Spellcasting
 + Level 0.7 Summonings
 - Level 3.5 Shapeshifting


You had 3 spell levels left.
You knew the following spells:

 Your Spells              Type           Power      Damage    Failure   Level
a - Summon Small Mammal   Summ           8%         N/A       22%         1

Your spell library contained the following spells:

 Spells                   Type           Power      Damage    Failure   Level
 Blink                    Tloc           0%         N/A       38%         2
 Lesser Beckoning         Tloc           0%         N/A       38%         2
 Momentum Strike          Conj/Tloc      0%         3d8       38%         2
 Call Canine Familiar     Summ           2%         N/A       54%         3
 Summon Guardian Golem    Hex/Summ       1%         N/A       58%         3


Dungeon Overview and Level Annotations

Branches:
Dungeon (2/15)

Altars:

Shops:
D:2 (

Annotations:
D:2 Natasha


Innate Abilities, Weirdness & Mutations

You are a hulking beast.
Your limbs bulge with bestial killing power. (Slay +2)
You have sharp claws.
You have razor-sharp teeth.
You have supernaturally acute eyesight. (SInv)
You cover ground quickly. (Speed+)
You are covered in fur. (AC +1)
Your paws help you pounce on unaware monsters.
You are incapable of wielding weapons or throwing items.
You cannot wear armour.
You gain extra lives every three experience levels.


Message History

Gang up on whom?
Press: ? - help, Dir - move target, f - Natasha
Aim: Natasha (ally target) Attack!
Your bat closely misses Natasha.
Natasha wildly gestures.
Natasha's front paws start to glow.
Natasha casts a spell at you. The magic dart hits your bat!
Your bat dies!
Your bat's corpse disappears in a puff of smoke!
Your rat closely misses Natasha.
Natasha claws your rat.
Your rat closely misses Natasha.
Natasha stares at you and mumbles some strange words.
The magic dart hits you.
Your rat bites Natasha.
Natasha completely misses you.
Your rat bites Natasha but does no damage.
Natasha claws you!
Ouch! That really hurt!
* * * LOW HITPOINT WARNING * * *
You closely miss Natasha. You bite Natasha, but do no damage.
Natasha is lightly wounded.
Your rat bites Natasha.
Natasha closely misses you.
You claw Natasha!
Natasha is severely wounded.
Your rat barely misses Natasha.
Natasha misses you.
You scratch Natasha. You bite Natasha.
Natasha is almost dead.
Your rat bites Natasha.
Natasha closely misses you.
Your rat barely misses Natasha.
Natasha claws you!
Ouch! That really hurt!
You die...
Your shape twists and changes as you die.
You rejoin the land of the living...
Unknown command.
There is a stone staircase leading up here.
You climb upwards.
There is a stone staircase leading down here.
There is an open door here.
There is a staircase leading out of the dungeon here.
You have escaped!

.......# #......#
###.##. ####.#.#
#.(....# #...##.
...#.#.# #......#
#.####. .......#
#......# #....#.
.......#
#....###############.#.
.......#
#....#⌠≈≈≈≈.⌠.....⌠#.#.
.......#
#....#≈≈≈≈.........#.#.
.......#
#....#≈≈≈..........#.#.
.......#
#....#h..##...##..>#.#.
...#####
#.####...##...##...#.#.
##.########.##
#.............#.#.
.............#
#######'#######.##
##.###########
#........... ...#
############ #### #. #.
#.


There were no monsters in sight!

Vanquished Creatures
  A worm (D:2)
  4 dart slugs
  3 endoplasms (D:1)
  2 goblins (D:1)
  A hobgoblin (D:1)
  5 ball pythons
  A bat (D:1)
  A frilled lizard (D:1)
  A kobold (D:1)
  3 rats
22 creatures vanquished.

Vanquished Creatures (collateral kills)
  A frilled lizard (D:1)
1 creature vanquished.

Grand Total: 23 creatures vanquished

Notes
Turn   | Place    | Note
-------+----------+-------------------------------------------
     0 | D:1      | avis the Felid Shapeshifter began the quest for the Orb.
     0 | D:1      | Reached XP level 1. HP: 9/9 MP: 2/2
   270 | D:1      | Reached XP level 2. HP: 12/12 MP: 3/3
   282 | D:1      | Learned a level 1 spell: Summon Small Mammal
   905 | D:2      | Noticed Natasha
   962 | D:2      | Found Viguch's Weapon Emporium.
  1011 | D:2      | Reached skill level 1 in Spellcasting
  1011 | D:2      | Reached XP level 3. HP: 14/16 MP: 2/5
  1059 | D:2      | Slain by Natasha
  1105 | D:$      | Got out of the dungeon alive.

Illustrated notes

Levels and vault maps discovered:
D:1:      amcnicky_arrival_flooded_fountain, layout_basic, chequers_arboretum
D:2:      layout_rooms, serial_shops, shop, nicolae_shop_vocational,
          uniq_natasha

Skill      XL: |  1  2 |
---------------+-------+-----
Dodging        | 3 |  3.0
Fighting       | 2 |  2.0
Spellcasting   | 1 |  1.1
Unarmed Combat | |  3.0
Summonings     | |  0.7
Shapeshifting  | |  3.5

Action                     || total
---------------------------++-------
  Melee: Unarmed           ||    43
         Bite              ||     5
         Punch             ||     2
   Cast: Summon Small Mamm ||    16
   Stab: Distracted        ||     3
 Armour: Skin              ||    11
  Dodge: Dodged            ||    22

Table legend: (Time is in decaauts)
 A = Elapsed time spent in this place.
 B = Non-inter-level travel time spent in this place.
 C = Inter-level travel time spent in this place.
 D = Time resting spent in this place.
 E = Time spent auto-exploring this place.
 F = Levels seen in this place.
 G = Mean time per level.
                   A        B        C        D        E       F      G
               +--------+--------+--------+--------+--------+-----+--------+
         Total |    951 |    859 |     92 |    211 |    436 |   2 |  475.5 |
       Dungeon |    951 |    859 |     92 |    211 |    436 |   2 |  475.5 |
               +--------+--------+--------+--------+--------+-----+--------+

Top non-repeatable levels by time:
     D:1: 843 daAuts
     D:2: 107 daAuts
